 Dungeon Crawl Stone Soup version 0.20-a0-731-gecde0bf (webtiles) character file.

60 KristoblXynda the Charlatan (level 3, 0/17 HPs)
             Began as a Spriggan Artificer on Feb 22, 2017.
             Slain by a gnoll
             ... wielding a +0 spear
              (8 damage)
             ... on level 2 of the Dungeon.
             The game lasted 00:01:41 (1258 turns).

KristoblXynda the Charlatan (Spriggan Artificer)    Turns: 1258, Time: 00:01:42

Health: 0/17       AC:  2    Str:  8    XL:     3   Next: 82%
Magic:  7/7        EV: 18    Int: 13    God:
Gold:   83         SH:  0    Dex: 16    Spells: 2/2 levels left

rFire    . . .     SeeInvis +   a - +0 short sword
rCold    . . .     Gourm    .   b - +0 robe
rNeg     . . .     Faith    .   (shield restricted)
rPois    .         Spirit   .   (helmet restricted)
rElec    .         Reflect  .   (no cloak)
rCorr    .         Harm     .   (gloves unavailable)
MR       .....                  (boots unavailable)
Stlth    +++.......             (no amulet)
Regen    0.1/turn               (no ring)
MPRegen  0.1/turn               (no ring)

@: very quick
A: unfitting armour, see invisible, herbivore 3, speed 3, slow metabolism 2
a: no special abilities


You were on level 2 of the Dungeon.
You were not hungry.

You visited 1 branch of the dungeon, and saw 2 of its levels.

You collected 83 gold pieces.

Inventory:

Hand Weapons
 a - a +0 short sword (weapon)
Armour
 b - a +0 robe (worn)
Jewellery
 k - an uncursed amulet of magic regeneration {unknown}
Wands
 c - a wand of flame (9/48)
 d - a wand of enslavement (15/24)
 e - a wand of random effects (13/48)
Scrolls
 g - a scroll of random uselessness {unknown}
 i - a scroll of noise {unknown}
 j - 2 scrolls of identify {unknown}
 l - 3 scrolls of remove curse {unknown}
 m - 2 scrolls of teleportation {unknown}
 n - a scroll of fog {unknown}
 q - a scroll of recharging {unknown}
Potions
 h - a potion of invisibility {unknown}
 o - a potion of agility {unknown}
Comestibles
 f - 2 bread rations
 p - 4 fruits


   Skills:
 - Level 0.7 Fighting
 + Level 2.5 Short Blades
 - Level 3.0 Dodging
 + Level 3.6 Stealth
 + Level 4.7 Evocations


You had 2 spell levels left.
You didn't know any spells.

Dungeon Overview and Level Annotations

Branches:
Dungeon (2/15)

Altars:


Innate Abilities, Weirdness & Mutations

You are very small and have problems with some larger weapons.
You are too small for most types of armour.
You have supernaturally acute eyesight. (SInv)
You are a herbivore.
You cover ground extremely quickly.
You need consume almost no food.


Message History

You hit the kobold.
You kill the kobold!
Things that are here:
a dagger; a stone; a kobold corpse You now have 83 gold pieces (gained 7).
Things that are here:
a dagger; a stone; a kobold corpse You see here 2 stones.
q - a scroll labeled POASKOJERO
m - 2 scrolls labeled ZEOSOS AFELE (gained 1)
You see here a weird runed staff.
Found a trident.
Found a stone staircase leading down.
j - 2 scrolls labeled VIQOCRE UNON (gained 1)
A gnoll comes into view. It is wielding a spear.
The helpless gnoll fails to defend itself.
You puncture the gnoll!
The gnoll is almost dead.
The gnoll hits you with a spear!
You die...

.....))............
#.###.##..##.##...#
#.###(##..##.##...#
#..##.##..##.##...#
#.##.##>.##.##...####.#
#.......|##)#.........#
#.##.###.##....##.##....
#.##.###....####..# #
#.........[...#@.#..#
#.#########.###g#...#
#.# #.# #...#.# ##.# #..
##.#.## #..# #### #...
#.## .#. #.##### #..#
#.....# .# #####.#


You could see a gnoll.

Vanquished Creatures
  Jessica (D:2)
  2 dart slugs
  A leopard gecko (D:2)
  4 goblins (D:1)
  6 hobgoblins
  3 jackals (D:1)
  A quokka (D:2)
  A bat (D:1)
  2 frilled lizards (D:1)
  3 kobolds
  4 rats (D:1)
28 creatures vanquished.

Notes
Turn   | Place    | Note
-------+----------+-------------------------------------------
     0 | D:1      | KristoblXynda the Spriggan Artificer began the quest for the Orb.
     0 | D:1      | Reached XP level 1. HP: 9/9 MP: 4/4
    70 | D:1      | Reached XP level 2. HP: 8/14 MP: 6/6
  1111 | D:2      | Noticed Jessica
  1114 | D:2      | Killed Jessica
  1114 | D:2      | Reached XP level 3. HP: 17/17 MP: 7/7
  1258 | D:2      | Slain by a gnoll

Vault maps used:
D:1:      dpeg_arrival_short_road, roderic_roman_lattice
D:2:      marbit_many_paths, first_bread, uniq_jessica, uniq_robin

Skill      XL: |  1  2 |
---------------+-------+-----
Stealth        | 2 3 |  3.6
Short Blades   | 2 |  2.5
Fighting       | |  0.7
Dodging        | |  3.0
Evocations     | |  4.7

Action                   || total
-------------------------++-------
Melee: Short sword       ||    83
Evoke: Wand              ||     8
 Stab: Sleeping          ||     4
Armor: Robe              ||     5
Dodge: Dodged            ||    62
